 Dungeon Crawl Stone Soup version 0.31-a0-1549-g5ff9445e89 (webtiles) character file.

Game seed: 5987945797253103013

203 gelatine the Chopper (level 5, -12/41 HPs)
             Began as a Demonspawn Fighter on Jan 3, 2024.
             Mangled by an ogre
             ... wielding a +0 giant spiked club
              (17 damage)
             ... on level 3 of the Dungeon.
             The game lasted 00:05:34 (2313 turns).

gelatine the Chopper (Demonspawn Fighter)           Turns: 2313, Time: 00:05:35

Health: -12/41     AC: 14    Str: 19    XL:     5   Next: 51%
Magic:  5/5        EV:  9    Int:  8    God:
Gold:   111        SH:  9    Dex: 12    Spells: 4/4 levels left

rFire   . . .        a - +0 war axe
rCold   . . .        c - +0 buckler
rNeg    . . .        b - +0 scale mail
rPois   .            p - +0 helmet
rElec   .            (no cloak)
rCorr   .            (no gloves)
SInv    .            (no boots)
Will    .....        m - amulet of reflection Stlth
                     n - ring of flight
HPRegen 0.26/turn    v - +4 ring of protection
MPRegen 0.09/turn

%: reflection
@: flying
A: molten scales 1, foul stench 1, demonic touch 2
a: no special abilities


You were on level 3 of the Dungeon.
You visited 1 branch of the dungeon, and saw 3 of its levels.

You collected 111 gold pieces.

Inventory:

Hand Weapons
 a - a +0 war axe (weapon)
 q - a +2 mace of protection
Missiles
 h - 2 boomerangs (quivered)
 w - 5 javelins
Armour
 b - a +0 scale mail (worn)
 c - a +0 buckler (worn)
 p - a +0 helmet (worn)
Jewellery
 m - an amulet of reflection (around neck)
 n - a ring of flight (left hand)
 v - a +4 ring of protection (right hand)
Wands
 t - a wand of polymorph (9)
Scrolls
 e - a scroll of teleportation {unknown}
 g - 2 scrolls of immolation {unknown}
 i - 4 scrolls of identify {unknown}
 k - a scroll of fear {unknown}
 o - a scroll of poison {unknown}
 x - a scroll of silence {unknown}
 y - a scroll of vulnerability {unknown}
Potions
 d - a potion of might
 f - a potion of lignification {unknown}
 j - a potion of enlightenment {unknown}
 l - a potion of magic {unknown}
 r - 3 potions of curing {unknown}
 s - 2 potions of haste {unknown}
 u - a potion of cancellation {unknown}
 z - a potion of heal wounds {unknown}


   Skills:
 * Level 3.5 Fighting
 * Level 3.7 Axes
 + Level 0.1 Throwing
 * Level 3.3 Armour
 * Level 0.9 Dodging
 * Level 3.5 Shields


You had 4 spell levels left.
You didn't know any spells.
Your spell library was empty.

Dungeon Overview and Level Annotations

Branches:
Dungeon (3/15)

Altars:


Innate Abilities, Weirdness & Mutations

You are partially covered in molten scales. (AC +2)
You may rarely emit foul miasma when damaged in melee.
Your touch may inflict irresistible damage on your foes.


Message History

There is an open door, spattered with blood here.
You see here a hobgoblin corpse.
You reach down and open the door.
An orc, a bat, a ball python, an ogre and a dart slug come into view.
The ball python hisses angrily.
The ogre shouts!
Found 4 gold pieces.
You slash the bat!
You kill the bat!
You throw a boomerang.
The boomerang hits the ball python but does no damage.
You hit the ball python.
You kill the ball python!
You slash the dart slug!
The dart slug is severely wounded.
You block the dart slug's attack.
You slash the dart slug!
You kill the dart slug!
You barely miss the orc. The orc hits you with a +0 flail.
The orc hits you but does no damage.
You slash the orc!
You kill the orc!
You slash the ogre!
The ogre is moderately wounded.
The ogre hits you with a +0 giant spiked club!
You hit the ogre.
The ogre is moderately wounded.
You block the ogre's attack.
You slash the ogre!
The ogre is severely wounded.
The ogre hits you with a +0 giant spiked club!!
Ouch! That really hurt!
* * * LOW HITPOINT WARNING * * *
You barely miss the ogre.
The ogre is severely wounded.
The ogre hits you with a +0 giant spiked club.
* * * LOW HITPOINT WARNING * * *
You completely miss the ogre.
The ogre is severely wounded.
The ogre hits you with a +0 giant spiked club!
You die...

#..#†#..# ##.##.##.##
#..#...#..####
#.#######....#
##.#....[#..#.#
#..'.....#....#
#.#########..## #.#
......#..# #.# .....$O@.#
### #.# ......#..# #####..
#.#########..# #......
#..'.)...#...# #.#.#..
#..#.†...#...# #......
#..#######..## #.#.#..
#...#...#...# #......
#.<.##)##...##### ###.#..
#....#'#..#.....#######..#..


You could see an ogre.

Vanquished Creatures
  A bombardier beetle (D:3)
  Jessica (D:3)
  A gnoll (D:3)
  3 adders (D:3)
  3 ribbon worms
  4 dart slugs
  An orc (D:3)
  4 bats
  6 endoplasms
  3 giant cockroaches
  4 goblins
  3 hobgoblins
  3 jackals (D:2)
  2 kobolds
  4 quokkas
  5 ball pythons
  2 frilled lizards
  5 rats
55 creatures vanquished.

Vanquished Creatures (others)
  A bombardier beetle (D:3)
1 creature vanquished.

Grand Total: 56 creatures vanquished

Notes
Turn   | Place    | Note
-------+----------+-------------------------------------------
     0 | D:1      | gelatine the Demonspawn Fighter began the quest for the
                  | Orb.
     0 | D:1      | Reached XP level 1. HP: 18/18 MP: 1/1
   278 | D:1      | Gained mutation: You are partially covered in molten
                  | scales. (AC +2) [demonic ancestry]
   278 | D:1      | Reached XP level 2. HP: 15/24 MP: 2/2
  1077 | D:2      | Gained mutation: You may rarely emit foul miasma when
                  | damaged in melee. [demonic ancestry]
  1077 | D:2      | Reached XP level 3. HP: 29/29 MP: 3/3
  1916 | D:3      | Noticed Jessica
  1923 | D:3      | Killed Jessica
  1924 | D:3      | Gained mutation: Your touch may inflict minor irresistible
                  | damage on your foes. [demonic ancestry]
  1924 | D:3      | Reached XP level 4. HP: 35/35 MP: 4/4
  2199 | D:3      | Gained mutation: Your touch may inflict irresistible damage
                  | on your foes. [demonic ancestry]
  2199 | D:3      | Reached XP level 5. HP: 41/41 MP: 5/5
  2301 | D:3      | Noticed an ogre
  2313 | D:3      | Mangled by an ogre

Illustrated notes

Levels and vault maps discovered:
D:1:      enne_arrival_octagon_isle, layout_loops_ring,
          chequers_serial_rivers_large_b
D:2:      layout_basic, kennysheep_generic_room_9
D:3:      layout_rooms, serial_glass, glass_columns_b, glass_columns_a,
          glass_columns_b, glass_columns_a, glass_columns_a,
          hangedman_decor_lopped, minmay_divided_ellipse, uniq_jessica

Skill      XL: |  1  2  3  4 |
---------------+-------------+-----
Axes           | 2 3 |  3.7
Shields        | 3 |  3.5
Armour         | 3 |  3.3
Fighting       | |  3.5
Throwing       | |  0.1
Dodging        | |  0.9

Action                     |  1- 3 |  4- 6 || total
---------------------------+-------+-------++-------
  Melee: War axe           |   116 |    68 ||   184
  Throw: Boomerang         |     3 |     1 ||     4
 Armour: Scale mail        |    73 |    32 ||   105
  Dodge: Dodged            |    38 |    16 ||    54
  Block: Buckler           |    41 |    39 ||    80
         Reflection        |     2 |     2 ||     4

Table legend: (Time is in decaauts)
 A = Elapsed time spent in this place.
 B = Non-inter-level travel time spent in this place.
 C = Inter-level travel time spent in this place.
 D = Time resting spent in this place.
 E = Time spent auto-exploring this place.
 F = Levels seen in this place.
 G = Mean time per level.
                   A        B        C        D        E       F      G
               +--------+--------+--------+--------+--------+-----+--------+
         Total |   2414 |   2329 |     85 |      0 |   1752 |   3 |  804.7 |
       Dungeon |   2414 |   2329 |     85 |      0 |   1752 |   3 |  804.7 |
               +--------+--------+--------+--------+--------+-----+--------+

Top non-repeatable levels by time:
     D:2: 1097 daAuts
     D:1: 727 daAuts
     D:3: 589 daAuts
